 Dungeon Crawl Stone Soup version 0.02-186-g9265d40 (webtiles) character file.

Game seed: 7712713514951782119, levelgen mode: deterministic

3649 Kalegnar the Ruffian (level 9, -35/65 HPs) Lignifite Demonspawn. Began on Oct 21, 2020. Was an Elder of Dithmenos. Killed from afar by an orc sorcerer (42 damage) ... with a bolt of fire ... on level 5 of the Dungeon. The game lasted 00:26:37 (6249 turns).

Kalegnar the Ruffian (Lignifite Demonspawn)         Turns: 6249, Time: 00:26:39

Health: -35/65     AC:  1    Str: 20    XL:     9 ^: 314
Magic:  0/22       EV: 13    Int: 15    God:    Dithmenos [4* [110]]
Gold:   321        SH: 11    Dex: 15    Spells: 11/12 levels left

rFire    x . .     Vision   .   l - +0 targe
rCold    . . .     Gourm    .     - Unarmed
rNeg     . . .     Faith    .   a - +0 robe
rPois    +         Spirit   +   (helmet restricted)
rElec    .         Reflect  .   (no cloak)
rCorr    .         Harm     .   (gloves unavailable)
MR       +....                  (boots unavailable)
Stlth    +++++++...             (no amulet)
HPRegen  0.31/turn              d - ring of stealth
MPRegen  0.32/turn              w - ring of magical power

@: wreathed by umbra, quick
A: small, rF-, barbs 2, soft wood 3, deformed body, speed 1, frail 1, magic
resistance 1, poison resistance, slow metabolism 1, torment resistance, plant,
evolution 1, magic shield, rot immunity
a: Shadow Step, Renounce Religion


You were on level 5 of the Dungeon.
You worshipped Dithmenos.
Dithmenos was greatly pleased with you.
You were not hungry.

You visited 2 branches of the dungeon, and saw 6 of its levels.

You collected 321 gold pieces.

Inventory:

Shields
 l - a +0 targe (weapon)
Armour
 a - a +0 robe (worn)
Jewellery
 d - a ring of stealth (left claw)
 n - an uncursed amulet of harm
 o - a cursed ring of protection from magic {(Curse: Str-5)}
 v - a cursed ring of protection from magic {(Curse: Int-4)}
 w - a ring of magical power (right claw)
Wands
 k - a wand of flame (14)
Scrolls
 g - 3 scrolls of magic mapping
 i - 3 scrolls of enchantment
 p - 2 scrolls of blinking
 q - 2 scrolls of teleportation
Potions
 b - 4 potions of brilliance
 e - 9 potions of curing
 f - 3 potions of might
 h - 3 potions of heal wounds
 m - a potion of mutation
 r - 2 potions of magic
 s - a potion of haste
 t - a potion of agility
 u - a potion of resistance
Comestibles
 c - 12 rations


   Skills:
 + Level 7.7 Fighting
 - Level 3.0 Dodging
 + Level 3.3 Stealth
 + Level 6.7 Shields
 + Level 7.7 Unarmed Combat
 - Level 2.1 Spellcasting
 - Level 3.0 Invocations


You had 11 spell levels left.
You knew the following spells:

 Your Spells              Type           Power        Failure   Level  Hunger
a - Flame Tongue          Fire           1 (40)       75%         1    #......

Your spell library contained the following spells:

 Spells                   Type           Power        Failure   Level  Hunger
 Blink                    Tloc           N/A          86%         2    ###....
 Call Imp                 Summ           1 (100)      86%         2    ###....
 Slow                     Hex            1 (100)      86%         2    ###....
 Conjure Flame            Fire           1 (100)      98%         3    ###....
 Mephitic Cloud           Pois/Air       1 (100)      98%         3    ###....


Dungeon Overview and Level Annotations

Branches:
Dungeon (5/8)              Temple (1/1) D:4
   Lair: D:5

Altars:
Ashenzari
Cheibriados
Dithmenos
Elyvilon
Fedhas Madash
Gozag Ym Sagoz
Hepliaklqana
Kikubaaqudgha
Makhleb
Nemelex Xobeh
Okawaru
Qazlal
Ru
Uskayaw
Vehumet
Wu Jian
Xom
Zin
The Shining One


Innate Abilities, Weirdness & Mutations

Your woody flesh burns easily. (rF-)
A tangle of shorter branches protects your body from attack. (+4 SH)
You are small and have problems with some larger weapons.
You have very sharp barbs on your forebranches. (+4 Unarmed)
You're made of an unnaturally soft and light wood. (Dex +6, Stealth++)
Armour fits poorly on your strangely shaped body.
You cover ground quickly.
Your system is resistant to poisons. (rPois)
You have a slow metabolism.
You are immune to unholy pain and torment.
You require very little carbon dioxide to survive.
When hurt, damage is shared between your health and your magic reserves.
You are immune to rotting.
You are frail. (-10% HP)
You are resistant to hostile enchantments. (MR+)
You evolve.


Message History

The orc priest is healthy. (15/15) HP Your shadow hits the orc priest but does no damage.
The orc sorcerer points at you and mumbles some strange words.
The bolt of fire hits you (42)!!! The fire burns you terribly!
You emit a cloud of dark smoke.
The orc sorcerer casts a spell at you. The bolt of fire hits you (36)!!!
The fire burns you terribly!
* * * LOW HITPOINT WARNING * * *
You emit a cloud of dark smoke.
All of the chunks of flesh in your inventory have rotted away.
You hit the orc priest (5). You scratch the orc priest (1).
The orc priest is heavily wounded. (9/15) HP The orc priest begins to cast a cantrip, but forgets the words!
You hit the orc priest (5). You scratch the orc priest (6).
You kill the orc priest!
Dithmenos accepts your kill.
The orc sorcerer gestures at you while chanting.
The bolt of fire hits you (46)!!! The fire burns you terribly!
Ouch! That really hurt!
You die...

#. .!.... .. #.. .... ..
#..#########.# ##
#............###########
#...o...................
#....§<.................
#....§o§§[..............
#....§§§§.†.............
#....§§@§§..............
#....§§§§§..............
########################


You could see an orc sorcerer.

Vanquished Creatures
  Prince Ribbit (D:2)
  A hippogriff (D:5)
  Sigmund (D:2)
  2 slime creatures (D:2)
  A phantom (D:4)
  Duvessa (D:2)
  A porcupine (D:3)
  A scorpion (D:3)
  A sky beast (D:5)
  An ice beast (D:4)
  3 big kobolds
  2 crocodiles (D:2)
  2 bullfrogs (D:2)
  Dowan (D:2)
  4 killer bees (D:5)
  4 orc priests
  3 hounds
  7 jellies
  4 orc wizards
  3 worker ants
  A water moccasin skeleton (D:5)
  22 giant cockroaches
  2 bullfrog skeletons
  8 adders
  4 gnolls (D:4)
  39 sewer rats (D:2)
  12 cinder newts
  2 worms (D:2)
  18 oozes (D:2)
  A dart slug (D:1)
  6 leopard geckos
  21 orcs
  2 adder skeletons
  3 ball pythons
  2 cinder newt skeletons (D:2)
  9 goblins (D:1)
  6 hobgoblins (D:1)
  16 kobolds
  5 bats
  A goblin skeleton (D:2)
  A jackal skeleton (D:3)
  A quokka skeleton (D:3)
  3 rats
  4 withered plants (D:2)
233 creatures vanquished.

Vanquished Creatures (others)
  2 giant cockroaches (D:2)
  An adder (D:2)
  2 sewer rats (D:2)
  4 plants (D:5)
  132 withered plants (D:2)
141 creatures vanquished.

Grand Total: 374 creatures vanquished

Notes
Turn   | Place    | Note
-------+----------+-------------------------------------------
     0 | D:1      | Kalegnar the Lignifite Demonspawn began the quest for the
                  | Orb.
     0 | D:1      | Reached XP level 1. HP: 12/12 MP: 4/4
    82 | D:1      | Gained mutation: You're made of somewhat softer, lighter
                  | wood. (Dex +2, Stealth) [demonic ancestry]
    82 | D:1      | Reached XP level 2. HP: 14/20 MP: 6/6
   402 | D:1      | Gained mutation: You have sharp barbs on your forebranches.
                  | (+2 Unarmed) [demonic ancestry]
   402 | D:1      | Reached XP level 3. HP: 18/25 MP: 7/7
   724 | D:1      | Gained mutation: You're made of softwood. (Dex +4,
                  | Stealth+) [demonic ancestry]
   724 | D:1      | Reached XP level 4. HP: 31/31 MP: 8/8
  1234 | D:2      | Noticed a slime creature
  1234 | D:2      | Noticed a slime creature
  1254 | D:2      | Noticed a big kobold
  1254 | D:2      | Noticed a big kobold
  1257 | D:2      | Identified the cursed ring of Elenailu {+Inv rN+++ Str-5
                  | Dex+5 Stlth+, (Curse: Fragile MR-)}
  1441 | D:1      | Killed a big kobold
  1441 | D:1      | Gained mutation: You have very sharp barbs on your
                  | forebranches. (+4 Unarmed) [demonic ancestry]
  1441 | D:1      | Reached XP level 5. HP: 31/37 MP: 9/9
  1562 | D:2      | Reached XP level 6. HP: 26/44 MP: 10/10
  1880 | D:2      | Reached skill level 5 in Fighting
  1880 | D:2      | Reached skill level 5 in Unarmed Combat
  1880 | D:2      | Gained mutation: When hurt, damage is shared between your
                  | health and your magic reserves. [demonic ancestry]
  1880 | D:2      | Reached XP level 7. HP: 29/50 MP: 11/11
  2150 | D:2      | Found a shadowy altar of Dithmenos.
  2153 | D:2      | Became a worshipper of Dithmenos the Shadowed
  2552 | D:2      | Reached skill level 1 in Shields
  2588 | D:2      | Noticed Duvessa
  2612 | D:2      | Killed Duvessa
  2613 | D:2      | Noticed Dowan
  2633 | D:2      | Killed Dowan
  2633 | D:2      | Reached XP level 8. HP: 44/64 MP: 10/12
  2681 | D:2      | Noticed Sigmund
  2722 | D:2      | Killed Sigmund
  3136 | D:2      | Reached * piety under Dithmenos
  3374 | D:2      | Reached ** piety under Dithmenos
  3417 | D:2      | Noticed Prince Ribbit
  3429 | D:2      | Killed Prince Ribbit
  3429 | D:2      | Reached skill level 5 in Shields
  3429 | D:2      | Gained mutation: You're made of an unnaturally soft and
                  | light wood. (Dex +6, Stealth++) [demonic ancestry]
  3429 | D:2      | Reached XP level 9. HP: 55/71 MP: 10/13
  3697 | D:3      | Reached *** piety under Dithmenos
  3716 | D:3      | Gained mutation: You are frail. (-10% HP) [potion of
                  | mutation]
  3716 | D:3      | Gained mutation: You evolve. [potion of mutation]
  3716 | D:3      | Gained mutation: You are resistant to hostile enchantments.
                  | (MR+) [potion of mutation]
  4694 | D:4      | Found a staircase to the Ecumenical Temple.
  4763 | Temple   | Entered the Ecumenical Temple
  5197 | D:4      | Found a radiant altar of Vehumet.
  5197 | D:4      | Found a glowing golden altar of the Shining One.
  5725 | D:5      | Entered Level 5 of the Dungeon
  5751 | D:5      | Reached **** piety under Dithmenos
  5764 | D:5      | Noticed a wizard
  5765 | D:5      | Noticed an orc sorcerer
  5779 | D:5      | Noticed an ice devil
  5783 | D:5      | Noticed a hellwing
  6249 | D:5      | Killed from afar by an orc sorcerer

Levels and vault maps discovered:
D:1:      dpeg_arrival_three_bigger_balls, layout_basic
D:2:      layout_sewer, lemuel_doored_altar, sewer_frog_spiral, first_ration,
          uniq_sigmund, uniq_duvessa
D:3:      layout_basic
D:4:      layout_basic, gammafunk_temple_overflow_pools,
          minmay_temple_entry_purple_smoke
D:5:      cheibrodos_wizards_tower, layout_long_grid, lemuel_blue_sif_altar,
          due_lair_maze_entry_diamond, basic_altar, uniq_harold, uniq_pikel
Temple:   eino_temple_scatter_basement

Skill      XL: |  1  2  3  4  5  6  7  8  9 |
---------------+----------------------------+-----
Dodging        | 3 |  3.0
Stealth        | 2 3 |  3.3
Fighting       | 3 4 5 6 7 |  7.7
Unarmed Combat | 3 4 5 6 7 |  7.7
Shields        | 2 5 6 |  6.7
Spellcasting   | |  2.1
Invocations    | |  3.0

Action                   |  1- 3 |  4- 6 |  7- 9 || total
-------------------------+-------+-------+-------++-------
Melee: Unarmed           |   175 |   215 |   590 ||   980
       Targe             |       |       |   124 ||   124
Throw: Stone             |       |       |     2 ||     2
       Rusty metal       |       |       |     2 ||     2
       Bone              |       |       |     1 ||     1
  Use: Potion            |       |       |     3 ||     3
 Stab: Sleeping          |     3 |     6 |    35 ||    44
       Distracted        |       |       |     1 ||     1
  Eat: Chunk             |       |     1 |    10 ||    11
Armor: Robe              |     3 |     5 |     8 ||    16
Dodge: Dodged            |    47 |    52 |   149 ||   248
Block: Other             |       |     3 |    15 ||    18
       Targe             |       |       |    53 ||    53
